Unix xNetHack Version 7.1.0 - last build Jul 19 2022 04:02:08 (a8c4666137c2c631a57c77f6261166d76d9e3895). Game began 2022-08-01 09:46:33, ended 2022-08-01 10:12:20. nmlkj, chaotic male human Wizard ---------- |..*.....+ ## # |........| #################'@Z |.........####### . ------|---## # ..E .{..... ...}}}}}. |...}...}.. |E..}......E| |...}...}...| |...}}}}}...| |..{.....{..+ |.....E.....| ------------- Nmlkj the Conjurer St:14 Dx:11 Co:11 In:18 Wi:8 Ch:13 Chaotic S:409 Dlvl:5 $:37 HP:0(17) Pw:20(28) AC:9 Xp:3/43 T:1886 Latest messages: The door opens. You hear the chime of a cash register. You swap places with your housecat. Your cloak of magic resistance blocks the gecko's attack. The gecko bites! You kill the gecko! The jackal bites! The housecat bites the jackal. The jackal is killed! You see here a jackal corpse. You swap places with your housecat. Are you waiting to get hit? Use 'm' prefix to force a no-op (to rest). The housecat misses the jackal. The housecat bites the jackal. The jackal is killed! You swap places with your housecat. You swap places with your housecat. You see here a jackal corpse. There is a jackal corpse here; eat it? [ynq] (n) y This jackal corpse tastes okay. You finish eating the jackal corpse. You see here a jackal corpse. There is a jackal corpse here; eat it? [ynq] (n) y Blecch! Rotten food! You finish eating the jackal corpse. There is a doorway here. You see here a rock. You see here a scale mail. You swap places with your housecat. You see here 55 rocks. The housecat picks up a rock. You descend the stairs. There is a staircase up to level 4 here. You see here a black gem. The straw golem claws you! The straw golem claws you! The straw golem claws you! The straw golem claws you! The straw golem claws you! The straw golem claws you! You hear some noises. In what direction? l The spell hits the elf zombie! The spell hits it. It bites the straw golem. The straw golem misses it. The straw golem hits it. The elf zombie scratches you! The straw golem claws you! You die... Major events: Turn 1: nmlkj the chaotic male human Wizard entered the dungeon 1553: attained the rank of Conjurer (level 3) 1886: killed by a straw golem Inventory: Inventory: 555/675 weight (15/52 slots) Coins $ - 37 gold pieces {1} Weapons r - 9 +0 darts {9} j - a +0 orcish dagger {10} a - a blessed +1 quarterstaff (weapon in hands) {40} Armor b - an uncursed +0 cloak of magic resistance (being worn) {8} Scrolls u - a cursed scroll of identify {5} Spellbooks f - an uncursed spellbook of blank paper {30} c - a blessed spellbook of force bolt {35} e - an uncursed spellbook of healing {35} d - a blessed spellbook of magic missile {40} Potions k - an uncursed potion of gain ability {20} n - an uncursed potion of healing {20} t - an uncursed potion of monster detection {20} p - an uncursed potion of speed {20} Tools q - an uncursed skeleton key {3} Gems/Stones s - 26 uncursed rocks {260} Nmlkj the Wizard's attributes: Background: You were a Conjurer, a level 3 male human Wizard. You were chaotic, nominally on a mission for Anhur who was opposed by Ptah (lawful) and Thoth (neutral). You were heterosexual. You were in the Dungeons of Doom, on level 5. You entered the dungeon 1886 turns ago. You had 43 experience points, 37 more were needed to attain level 4. Your score was 409 before end-of-game adjustments. Basics: You had 0 out of 17 hit points. You had 20 out of 28 energy points (spell power). Your armor class was 9. Your wallet contained 37 zorkmids. Autopickup was off. Final Characteristics: Your strength was 14 (limit:18/100). Your dexterity was 11 (limit:18). Your constitution was 11 (limit:18). Your intelligence was 18 (limit:18). Your wisdom was 8 (limit:18). Your charisma was 13 (limit:18). Final Status: You were not hungry. You were unencumbered. You were wielding a quarterstaff. You had basic skill with quarterstaff. Final Attributes: You were devoutly aligned. You were magic-protected. You were warded. You are dead. Miscellaneous: You never encountered a bones level. Total elapsed playing time was 24 minutes and 47 seconds. Vanquished creatures: a wererat an iguana a cave spider 2 gnomes 3 geckos 8 jackals 2 foxes a kobold 3 goblins 3 grid bugs 4 lichens a kobold zombie 4 newts 34 creatures vanquished. No species were genocided or became extinct. Voluntary challenges: You were an atheist. You were illiterate. You never genocided any monsters. You never polymorphed an object. You never changed form. You never touched an artifact. You used no wishes. You never scared an enemy with impunity. You were celibate. You never generated conflict. Achievements: You attained the rank of Conjurer. You entered a shop. The Dungeons of Doom: levels 1 to 5 Level 1: A fountain. Level 2: A tree. Level 3: A fountain. Level 4: A potion shop, many fountains. Level 5: <- You were here. Many fountains. Final resting place for you, killed by a straw golem. Game over: __________ / \ / REST \ / IN \ / PEACE \ / \ | nmlkj | | 37 Au | | killed by a | | straw golem | | | | | | 2022 | *| * * * | * _________)/\\_//(\/(/\)/\//\/|_)_______ Goodbye nmlkj the Wizard... You died in The Dungeons of Doom on dungeon level 5 with 406 points, and 37 pieces of gold, after 1886 moves. You were level 3 with a maximum of 17 hit points when you died.